 Dungeon Crawl Stone Soup version 0.31-a0-1529-g7bd419a0e5 (webtiles) character file.

Game seed: 4656170357941053940

328 LeprechaunX the Changeling (level 6, -9/38 (41) HPs)
             Began as an Octopode Shapeshifter on Jan 1, 2024.
             Was a Believer of Uskayaw.
             Mangled by an iguana (13 damage)
             ... on level 4 of the Dungeon.
             The game lasted 00:04:32 (3000 turns).

LeprechaunX the Changeling (Octopode Shapeshifter)  Turns: 3000, Time: 00:04:32

HP:   -9/38 (41)    AC:  1    Str: 13    XL:     6   Next: 50%
MP:   6/6           EV: 13    Int: 18    God:    Uskayaw [**....]
Gold: 221           SH:  4    Dex: 14    Spells: 5/5 levels left

rFire   . .          .
                       - Unarmed
rCold   . . .        f - +0 buckler
rNeg    . . .        (helmet currently unavailable)
rPois   .            (no amulet)
rElec   .            h - +6 ring of intelligence
rCorr   .            (no ring)
SInv    .            (no ring)
Will    .....        (no ring)
Stlth   ++           (no ring)
HPRegen 0.26/turn    (no ring)
MPRegen 0.10/turn    (no ring)
                     (no ring)

%: no passive effects
@: beast-form, drained
A: beast (slay +2), almost no armour, amphibious, 8 rings, camouflage 1,
gelatinous body 1, (nimble swimmer 1), tentacles
a: Begin Untransformation, Renounce Religion, Stomp, Line Pass


You were on level 4 of the Dungeon.
You worshipped Uskayaw.
Uskayaw was noncommittal.
You were a hulking beast.
You visited 2 branches of the dungeon, and saw 5 of its levels.

You collected 221 gold pieces.

Inventory:

Armour
 f - a +0 buckler (worn)
Jewellery
 h - a +6 ring of intelligence (left tentacle)
Talismans
 b - a beast talisman
 c - a flux talisman
 p - a blade talisman
Wands
 m - a wand of polymorph (5)
Scrolls
 d - 4 scrolls of teleportation {unknown}
 e - a scroll of poison {unknown}
 g - a scroll of torment {unknown}
 i - 2 scrolls of amnesia {unknown}
 k - a scroll of immolation {unknown}
 l - 2 scrolls of identify {unknown}
 n - a scroll of blinking {unknown}
 o - a scroll of noise {unknown}
 q - a scroll of brand weapon {unknown}
 r - 2 scrolls of fog {unknown}
Potions
 a - 2 potions of lignification
 j - a potion of brilliance {unknown}
 s - a potion of enlightenment {unknown}


   Skills:
 + Level 2.8 Fighting
 + Level 2.4 Dodging
 - Level 1.6 Shields
 + Level 4.0 Unarmed Combat
 + Level 1.6 Evocations
 * Level 4.6 Shapeshifting


You had 5 spell levels left.
You didn't know any spells.
Your spell library contained the following spells:

 Spells                   Type           Power      Damage    Failure   Level
 Stone Arrow              Conj/Erth      0%         3d7       65%         3
 Lehudib's Crystal Spear  Conj/Erth      0%         10d2      100%        8
 Animate Armour           Summ/Erth      Unusable   N/A       N/A         4

Dungeon Overview and Level Annotations

Branches:
Dungeon (4/15)             Temple (1/1) D:4

Altars:
Dithmenos
Makhleb
Nemelex Xobeh
Qazlal
Sif Muna
Trog
Uskayaw
Vehumet
Xom
Yredelemnul
Zin
The Shining One

Shops:
D:1 [   D:4 *

Annotations:
D:3 exclusion: statue
Temple 2 transporters


Innate Abilities, Weirdness & Mutations

You are a hulking beast.
Your limbs bulge with bestial killing power. (Slay +2)
You cannot wear most types of armour.
You are amphibious.
You can wear up to eight rings at the same time.
Your skin changes colour to match your surroundings (Stealth+).
Your rubbery body absorbs attacks. (AC +1, EV +1)
((You are camouflaged when in or above water. (Stealth+)))
You have tentacles for arms and can constrict up to eight enemies at once.


Message History

The iguana hisses angrily.
You grab the orc. You constrict the orc. The orc completely misses you.
The dart slug barely misses you.
Unknown command.
You tentacle-slap the dart slug. You grab the dart slug.
The dart slug is heavily wounded.
You constrict the dart slug. You constrict the orc.
The orc hits you with a +0 mace.
* * * LOW HITPOINT WARNING * * *
A dart slug comes into view.
You block the dart slug's attack.
You can now pass through a line of other dancers.
You release your grip on the dart slug.
You release your grip on the orc.
The orc attacks as it pursues you! The orc misses you.
Unknown command.
You tentacle-slap the orc.
You kill the orc!
You tentacle-slap the dart slug but do no damage.
You grab the dart slug. You squeeze the dart slug.
You kill the dart slug!
The dart slug launches a dart at you. The slug dart misses you.
Things that are here:
a +0 mace; an orc corpse You tentacle-slap the dart slug.
You grab the dart slug. You tentacle-slap the dart slug.
The dart slug is severely wounded.
You constrict the dart slug. The dart slug barely misses you.
You tentacle-slap the dart slug but do no damage.
The dart slug is almost dead.
You constrict the dart slug.
You kill the dart slug!
You tentacle-slap the iguana. You grab the iguana.
The iguana is moderately wounded.
You constrict the iguana. The iguana bites you.
* * * LOW HITPOINT WARNING * * *
You bludgeon the iguana!
The iguana is almost dead.
You constrict the iguana. The iguana bites you!
You die...

####.>...>....#####
###.......
#....<....†....#######.......
#........#####.#.........##..
#........# .#........###..
#####.#### .........##...
#...# #........##.# #...###
##...........# #..###
######........>..## #...#
#...hl...#.####..# # ####
#...#†##..##.## #..##.#
.......~≈.≈~#..# ##.)..# .
....~≈#≈~≈≈.####)).###
.[..#~≈≈~~†≈~~≈##...>.#
...~~≈~#.$.~≈#≈~.....##
...≈≈≈≈.~..≈≈≈≈≈...#..# ..
≈w≈≈≈~.~≈≈≈≈≈~#.#..#
~~≈≈≈~.~≈≈≈≈≈≈~.#...#


You could see an iguana and a dart slug.

Vanquished Creatures
  An ogre (D:4)
  A bombardier beetle (D:3)
  Terence (D:2)
  2 orc wizards
  3 adders
  7 dart slugs
  8 orcs
  7 ball pythons
  9 endoplasms
  7 giant cockroaches
  5 goblins
  6 hobgoblins
  5 jackals
  A quokka (D:1)
  6 bats
  4 frilled lizards
  13 kobolds
  2 rats (D:1)
88 creatures vanquished.

Notes
Turn   | Place    | Note
-------+----------+-------------------------------------------
     0 | D:1      | LeprechaunX the Octopode Shapeshifter began the quest for
                  | the Orb.
     0 | D:1      | Reached XP level 1. HP: 13/13 MP: 1/1
   212 | D:1      | Reached XP level 2. HP: 17/18 MP: 2/2
   418 | D:1      | Found a faded altar of an unknown god.
   464 | D:1      | Found Ytwuf's Antique Armour Boutique.
   493 | D:1      | Reached XP level 3. HP: 22/23 MP: 3/3
   992 | D:2      | Noticed Terence
  1000 | D:2      | Killed Terence
  1001 | D:2      | Reached skill level 1 in Shields
  1001 | D:2      | Reached XP level 4. HP: 12/29 MP: 4/4
  1618 | D:2      | Reached XP level 5. HP: 3/34 MP: 5/5
  1745 | D:2      | Found the +1 Delatra's gloves {ID++}
  2336 | D:3      | Reached skill level 1 in Evocations
  2749 | D:3      | Found a radiant altar of Vehumet.
  2749 | D:3      | Noticed a frost-covered statue
  2824 | D:4      | Noticed an ogre
  2833 | D:4      | Killed an ogre
  2834 | D:4      | Reached XP level 6. HP: 27/41 MP: 6/6
  2837 | D:4      | Found a staircase to the Ecumenical Temple.
  2846 | Temple   | Found a transporter.
  2846 | Temple   | Found a transporter.
  2846 | Temple   | Found a transporter.
  2846 | Temple   | Found a transporter.
  2846 | Temple   | Entered the Ecumenical Temple
  2864 | Temple   | Became a worshipper of Uskayaw the Reveller
  2958 | D:4      | Found Tavoch's Lightly-Used Armoury.
  2959 | D:4      | Reached * piety under Uskayaw
  2960 | D:4      | Reached ** piety under Uskayaw
  2970 | D:4      | Reached *** piety under Uskayaw
  3000 | D:4      | Mangled by an iguana

Illustrated notes

Levels and vault maps discovered:
D:1:      lightli_arrival_flooded_house, layout_basic, serial_shops,
          nicolae_shop_tiny_real_fake_doors,
          chequers_ecumenical_altar_simple_redux, minmay_gold_behind_fungi
D:2:      layout_loops_ring, pf_guarded_unrand_delatra, uniq_terence
D:3:      layout_loops_ring, vehumet_statue, grunt_ministairs_4, st_stairs_10,
          amcnicky_mini_rare_corridor_liquid
D:4:      kennysheep_slugbush, layout_rooms, minmay_temple_entry_trees,
          portal_sewer_entry_f, minmay_shop_damaged, nrook_uturn,
          uniq_blork_the_orc, uniq_pikel
Temple:   hellmonk_temple_divided_pantheon

Skill      XL: |  1  2  3  4  5  6 |
---------------+-------------------+-----
Shields        | 1 |  1.6
Fighting       | 2 |  2.8
Shapeshifting  | 4 |  4.6
Evocations     | 1 |  1.6
Unarmed Combat | 4 |  4.0
Dodging        | |  2.4

Action                     |  1- 3 |  4- 6 || total
---------------------------+-------+-------++-------
  Melee: Unarmed           |    59 |   111 ||   170
         Constrict         |    15 |    32 ||    47
         Tentacles         |     7 |    24 ||    31
         Punch             |     5 |     3 ||     8
 Invoke: Stomp             |       |     1 ||     1
   Stab: Sleeping          |    11 |    10 ||    21
         Distracted        |       |     1 ||     1
         Paralysed         |       |     1 ||     1
 Armour: Skin              |    17 |    48 ||    65
  Dodge: Dodged            |    13 |    51 ||    64
  Block: Buckler           |     4 |    16 ||    20

Table legend: (Time is in decaauts)
 A = Elapsed time spent in this place.
 B = Non-inter-level travel time spent in this place.
 C = Inter-level travel time spent in this place.
 D = Time resting spent in this place.
 E = Time spent auto-exploring this place.
 F = Levels seen in this place.
 G = Mean time per level.
                   A        B        C        D        E       F      G
               +--------+--------+--------+--------+--------+-----+--------+
         Total |   2995 |   2845 |    150 |    223 |   2111 |   5 |  599.0 |
       Dungeon |   2959 |   2841 |    118 |    223 |   2111 |   4 |  739.8 |
        Temple |     36 |      4 |     32 |      0 |      0 |   1 |   36.0 |
               +--------+--------+--------+--------+--------+-----+--------+

Top non-repeatable levels by time:
     D:2: 1223 daAuts
     D:1: 800 daAuts
     D:3: 795 daAuts
     D:4: 138 daAuts
  Temple: 36 daAuts
